 Dungeon Sprint DCSS version 0.30.1-9-gdf580d7c3d (webtiles) character file.

Game seed: 18166677425261764992

354 Heoruswealwe the Spear-Bearer (level 6, -18/63 HPs)
             Began as a Minotaur Fighter on Sept 27, 2023.
             Killed from afar by a gargoyle (23 damage)
             ... with a stone arrow
             ... in the Dungeon (Sprint IX: "|||||||||||||||||||||||||||||").
             The game lasted 00:01:17 (125 turns).

Heoruswealwe the Spear-Bearer (Minotaur Fighter)     Turns: 125, Time: 00:01:17

Health: -18/63     AC:  8    Str: 22    XL:     6   Next: 35%
Magic:  5/5        EV:  9    Int:  5    God:
Gold:   0          SH:  4    Dex: 10    Spells: 5/5 levels left

rFire   . . .        a - +0 trident
rCold   . . .        d - +0 buckler
rNeg    . . .        c - +0 scale mail
rPois   .            (helmet restricted)
rElec   .            (no cloak)
rCorr   .            (no gloves)
SInv    .            (no boots)
Will    .....        (no amulet) Stlth
                     (no ring)
HPRegen 0.30/turn    (no ring)
MPRegen 0.09/turn

%: no teleportation
@: slowed, very slow
A: horns 2, retaliatory headbutt
a: no special abilities


You were in the Dungeon.
You visited 1 branch

Inventory:

Hand Weapons
 a - a +0 trident (weapon)
Armour
 c - a +0 scale mail (worn)
 d - a +0 buckler (worn)
Jewellery
 m - a +3 ring of strength
 n - a +3 ring of intelligence
Wands
 l - a wand of iceblast (10)
Scrolls
 j - 2 scrolls of blinking
 k - 2 scrolls of amnesia
Potions
 b - a potion of might
 e - 5 potions of curing
 f - 3 potions of heal wounds
 g - a potion of haste
 h - a potion of invisibility
 i - a potion of berserk rage


   Skills:
 + Level 9.0 Fighting
 * Level 11.7 Polearms
 + Level 9.0 Armour
 - Level 3.6 Shields


You had 5 spell levels left.
You didn't know any spells.
Your spell library was empty.

Dungeon Overview and Level Annotations

Branches:
Dungeon (1/1)

Altars:
Cheibriados
Dithmenos
Elyvilon
Fedhas
Gozag
Hepliaklqana
Kikubaaqudgha
Makhleb
Nemelex Xobeh
Okawaru
Qazlal
Ru
Sif Muna
Trog
Uskayaw
Vehumet
Wu Jian
Xom
Yredelemnul
Zin
The Shining One
Jiyva
Lugonu


Innate Abilities, Weirdness & Mutations

You have a pair of horns on your head.
You reflexively headbutt those who attack you in melee.


Message History

The wraith attacks as you move away! The wraith closely misses you.
Items here: )))))).
Okay, then.
You hit the wraith but do no damage.
You headbutt the wraith, but do no damage.
The wraith is moderately damaged.
The wraith hits you. The wraith drains your vigour!
You feel yourself slow down.
You hit the wraith. You headbutt the wraith.
The wraith is heavily damaged.
The wraith hits you!
* * * LOW HITPOINT WARNING * * *
You barely miss the wraith. You headbutt the wraith!
The wraith is severely damaged.
The wraith completely misses you.
You barely miss the wraith.
The wraith is severely damaged.
The wraith hits you!
* * * LOW HITPOINT WARNING * * *
The wraith drains your vigour!
You feel as though you will be slow longer.
You hit the wraith but do no damage. Your headbutt misses the wraith.
The wraith is severely damaged.
The wraith misses you. You furiously retaliate!
You headbutt the wraith. The wraith hits you.
* * * LOW HITPOINT WARNING * * *
The wraith drains your vigour!
You feel as though you will be slow longer.
You puncture the wraith!
You destroy the wraith!
Your Fighting skill gained 2 levels and is now at level 9!
Your Polearms skill increases to level 11!
Your Armour skill gained 2 levels and is now at level 9!
You have reached level 6!
You hit the gargoyle but do no damage. Your headbutt misses the gargoyle.
You block the gargoyle's attack.
You barely miss the gargoyle.
The gargoyle hurls a stone arrow at you.
The stone arrow hits you!!
You die...

▓_▓
▓_▓
▓_▓
▓_▓
▓_▓
▓'▓
▓!▓
▓.▓
▓@▓
▓9▓
▓O▓
▓[▓
▓D▓
▓c▓
▓.▓
▓)▓
▓.▓


You could see a two-headed ogre, a steam dragon, a gargoyle and a centaur.

Vanquished Creatures
  A wraith (D)
  A phantom (D)
  A scorpion (D)
  A wight (D)
  An adder (D)
  2 orcs (D)
  A ball python (D)
  A giant cockroach (D)
  A hobgoblin (D)
  A bat (D)
  A kobold (D)
12 creatures vanquished.

Notes
Turn   | Place    | Note
-------+----------+-------------------------------------------
     0 | D        | Heoruswealwe the Minotaur Fighter began the quest for the
                  | Orb.
     0 | D        | Reached XP level 1. HP: 19/19 MP: 0/0
     8 | D        | Reached skill level 3 in Polearms
    33 | D        | Noticed a phantom
    33 | D        | Noticed a scorpion
    36 | D        | Reached skill level 4 in Polearms
    36 | D        | Reached XP level 2. HP: 28/28 MP: 1/1
    48 | D        | Killed a phantom
    49 | D        | Reached skill level 7 in Polearms
    49 | D        | Reached XP level 3. HP: 12/37 MP: 2/2
    49 | D        | Reached XP level 4. HP: 15/44 MP: 3/3
    51 | D        | Killed a scorpion
    52 | D        | Reached skill level 9 in Polearms
    52 | D        | Reached XP level 5. HP: 17/52 MP: 4/4
    60 | D        | Found a snail-covered altar of Cheibriados.
    60 | D        | Found a shadowy altar of Dithmenos.
    60 | D        | Found a white marble altar of Elyvilon.
    60 | D        | Found a blossoming altar of Fedhas.
    60 | D        | Found an opulent altar of Gozag.
    61 | D        | Found a hazy altar of Hepliaklqana.
    62 | D        | Found a viscous altar of Jiyva.
    63 | D        | Found an ancient bone altar of Kikubaaqudgha.
    64 | D        | Found a corrupted altar of Lugonu.
    65 | D        | Found a burning altar of Makhleb.
    66 | D        | Found a sparkling altar of Nemelex Xobeh.
    67 | D        | Found an iron altar of Okawaru.
    68 | D        | Found a stormy altar of Qazlal.
    69 | D        | Found a sacrificial altar of Ru.
    70 | D        | Found a shimmering blue altar of Sif Muna.
    71 | D        | Found a bloodstained altar of Trog.
    72 | D        | Found a hide-covered altar of Uskayaw.
    73 | D        | Found a radiant altar of Vehumet.
    74 | D        | Found an ornate altar of the Wu Jian Council.
    75 | D        | Found a shimmering altar of Xom.
    76 | D        | Found a basalt altar of Yredelemnul.
    77 | D        | Found a glowing silver altar of Zin.
    78 | D        | Found a glowing golden altar of the Shining One.
   102 | D        | Noticed a wraith
   102 | D        | Noticed a gargoyle
   102 | D        | Noticed a steam dragon
   102 | D        | Noticed a two-headed ogre
   102 | D        | Noticed a centaur
   106 | D        | Reached skill level 10 in Polearms
   123 | D        | Killed a wraith
   124 | D        | Reached skill level 11 in Polearms
   124 | D        | Reached XP level 6. HP: 4/63 MP: 5/5
   125 | D        | Killed from afar by a gargoyle

Illustrated notes

Levels and vault maps discovered:
D:        linesprint [early_d, line_temple, items_1, d_10, items_2, lair_1,
          lair_end, items_3, orc_1, orc_end, items_4, d_15, swamp_1, shoals_1,
          snake_1, spider_1, d_20, vaults_1, items_5, swamp_end, shoals_end,
          snake_end, spider_end, vaults_end, d_27, items_6, zot_1, zot_end,
          crypt_end, forest_end, elf_end, slime_end, tomb_end, abyss_end,
          pan_hell_end]

Skill      XL: |  1  2  3  4  5 |
---------------+----------------+-----
Polearms       | 4 7 9 11 | 11.7
Fighting       | 4 6 7 9 |  9.0
Armour         | 4 6 7 9 |  9.0
Shields        | |  3.6

Action                     |  1- 3 |  4- 6 || total
---------------------------+-------+-------++-------
  Melee: Trident           |    28 |    22 ||    50
         Headbutt          |     3 |     4 ||     7
 Armour: Scale mail        |     5 |     3 ||     8
  Dodge: Dodged            |    13 |     3 ||    16
  Block: Buckler           |     4 |     1 ||     5
